 Dungeon Crawl Stone Soup version 0.13-b1-9-g87fe349 (webtiles) character file.

82055 AmberJosephineLiu the Black Belt (level 15, -16/104 HPs)
             Began as a Green Draconian Artificer on Sept 28, 2013.
             Was a High Priest of Okawaru.
             Demolished by a salamander
             ... wielding a +4,+4 halberd of flaming
              (26 damage)
             ... on Level 5 of the Snake Pit on Sept 29, 2013.
             The game lasted 02:20:17 (27254 turns).

AmberJosephineLiu the Black Belt (DrAr)            Turns: 27254, Time: 02:20:18

HP -16/104       AC 16     Str 16      XL: 15   Next: 26%
MP  25/25        EV 29     Int 14      God: Okawaru [*****.]
Gold 739         SH  0     Dex 17      Spells:  4 memorised, 11 levels left

Res.Fire  : . . .   See Invis. : .     - Unarmed
Res.Cold  : . . .   Warding    : .   (armour unavailable)
Life Prot.: . . .   Conserve   : .   (no shield)
Res.Poison: +       Res.Corr.  : .   O - +0 wizard hat
Res.Elec. : .       Clarity    : +   N - +1 cloak of the Salamander {+Rage +Fly}
Sust.Abil.: . .     Spirit.Shd : .   h - +1 pair of orc gloves {Str+3}
Res.Mut.  : .       Stasis     : .   B - +2 pair of elf boots {Stlth+}
Res.Rott. : .       Flight     : .   r - amulet of the gourmand
Gourmand  : +                        v - ring of wizardry
                                     V - +5 ring of evasion

@: mildly poisoned, heroism, somewhat resistant to hostile enchantments,
extremely stealthy
A: breathe noxious fumes, unfitting armour, large and strong wings, stinger 2,
berserk 1, carnivore 1, clarity, deterioration 1, poison resistance, AC +9
a: Breathe Noxious Fumes, Fly, Heroism, Finesse, Renounce Religion, Evoke
Berserk Rage, Evoke Flight


You were on level 5 of the Snake Pit.
You worshipped Okawaru.
Okawaru was extremely pleased with you.
You were full.

You visited 5 branches of the dungeon, and saw 33 of its levels.
You also visited: Labyrinth and Volcano.

You collected 2500 gold pieces.
You spent 1781 gold pieces at shops.

Inventory:

Hand weapons
 a - a +0 blowgun
 U - a +0,+0 war axe of distortion
Missiles
 s - 15 stones (quivered)
 D - 6 curare-tipped needles
Armour
 h - a +1 pair of orcish gloves of strength (worn)
 B - a +2 pair of elven boots of stealth (worn)
 N - the +1 cloak of the Salamander (worn) {+Rage +Fly}
   (You found it in a labyrinth)

   It lets you fly.
   It lets you go berserk.
 O - a +0 wizard hat (worn)
Magical devices
 c - a wand of cold (5)
 f - a wand of digging (12)
 g - a wand of teleportation (9)
 w - a wand of draining (4)
 z - a wand of confusion (10)
 F - a wand of hasting (9)
 G - a wand of digging (5)
 J - a wand of fire (8)
 P - a wand of digging (9)
Comestibles
 o - 7 meat rations
 W - 2 bread rations
Scrolls
 j - 2 scrolls of teleportation
 n - 2 scrolls of magic mapping
 p - a scroll of fog
 x - 2 scrolls of fear
 L - a scroll of identify
 R - 5 scrolls of remove curse
 T - 2 scrolls of recharging
 X - 2 scrolls of blinking
Jewellery
 d - an uncursed ring of protection from cold
 l - an uncursed ring of teleport control
 m - an uncursed ring of protection from magic
 r - an amulet of the gourmand (around neck)
 v - a ring of wizardry (right hand)
 y - an uncursed ring of protection from fire
 A - an uncursed ring of regeneration
 C - an uncursed amulet of stasis
 E - an uncursed amulet of resist mutation
 K - an uncursed amulet of clarity
 V - a +5 ring of evasion (left hand)
 Y - an uncursed ring of invisibility
 Z - a +4 ring of intelligence
Potions
 e - 11 potions of curing
 i - 2 potions of resistance
 k - 2 potions of agility
 q - 3 potions of magic
 u - 3 potions of restore abilities
 I - a potion of brilliance
 M - 7 potions of heal wounds
 S - 3 potions of speed
Books
 b - a book of Cantrips

   Spells                             Type                      Level
   *Confusing Touch                   Hexes                        1
   Animate Skeleton                   Necromancy                   1
   Summon Small Mammal                Summoning                    1
   *Apportation                       Translocation                1
 H - a book of Transfigurations

   Spells                             Type                      Level
   Stoneskin                          Transmutation/Earth          2
   Polymorph                          Hexes/Transmutation          4
   Ice Form                           Ice/Transmutation            4
   Statue Form                        Transmutation/Earth          6
   *Dragon Form                       Transmutation                7
Miscellaneous
 t - a legendary deck of escape {the Banshee, drawn: 2}


   Skills:
 - Level 1.1(6.1) Fighting
   Level 1.0(6.0) Short Blades
 - Level 11.0(16.0) Dodging
 - Level 4.0(9.0) Stealth
 + Level 16.7(21.7) Unarmed Combat
 - Level 4.5 Spellcasting
 - Level 4.4 Hexes
 - Level 5.1 Translocations
 - Level 15.3 Transmutations
 - Level 7.0 Invocations
 - Level 3.0 Evocations


You had 11 spell levels left.
You knew the following spells:

 Your Spells              Type           Power        Failure   Level  Hunger
a - Apportation           Tloc           ###.......   1%          1    None
b - Confusing Touch       Hex            ###.......   1%          1    None
c - Spider Form           Trmt/Pois      ###.......   1%          3    ###....
d - Dragon Form           Trmt           #####.....   13%         7    #######


Dungeon Overview and Level Annotations

Branches:
Dungeon (15/27)            Temple (1/1) D:7             Orc (4/4) D:11
    Elf (0/3) Orc:4          Lair (8/8) D:12         Shoals (0/5) Lair:5
  Snake (5/5) Lair:4        Slime (0/6) Lair:7
 Vaults: D:15-20

Altars:
Ashenzari
Cheibriados
Elyvilon
Fedhas
Kikubaaqudgha
Makhleb
Okawaru
Xom
Yredelemnul
Zin
the Shining One

Shops:
D:6 ?   D:8 !   D:12 ((?+   D:13 +   Orc:1 =   Orc:3 *[   Orc:4 (?*!

Annotations:
D:4 Orc?, exclusion: door
D:7 exclusion: zombie
D:8 exclusion: downstairs
D:9 Eustachio, Pikel
D:11 exclusions: 2 downstairs and goliath beetle, Nessos
D:12 exclusions: 3 doors and hydra
Orc:4 Saint Roka
Lair:2 exclusions: downstairs and upstairs
Lair:3 Rupert
Lair:5 exclusion: oklob plant
Lair:6 exclusion: downstairs
Lair:7 exclusion: oklob plant
Snake:2 exclusion: downstairs


Innate Abilities, Weirdness & Mutations

You can breathe blasts of noxious fumes.*
Your lurid green scales are hard (AC +9).*
Your body does not fit into most forms of armour.
Your cold-blooded metabolism reacts poorly to cold.
Your tail ends in a sharp poisonous barb.*
Your system is resistant to poisons.*
Your wings are large and strong.*
You tend to lose your temper in combat.
Your digestive system is specialised to digest meat.
You possess an exceptional clarity of mind.
Your body is slowly deteriorating.


Message History

You feel sick.
The salamander hits you but does no damage.
You start resting.
The salamander completely misses you.
You start resting.
The salamander completely misses you.
You start resting.
You feel sick.
The salamander hits you from afar with a halberd of flaming!
You are engulfed in flames!
One of your 3 scrolls of blinking catches fire!
The salamander burns you!
* * * LOW HITPOINT WARNING * * *
You start resting.
* * * LOW HITPOINT WARNING * * *
You feel sick.
You start resting.
* * * LOW HITPOINT WARNING * * *
You feel sick.
The salamander hits you from afar with a halberd of flaming!
* * * LOW HITPOINT WARNING * * *
You are engulfed in flames!
You die...

##≈≈≈..##........
##§§§..##.........
##≈§≈§)##..........
###§§§§.##...........
#####§§§..)##............
≈≈≈≈§§≈.§.##............. #
§§≈≈≈≈≈N§§##.............. #
§≈§≈≈≈....#.............## #
§§≈≈§.....@#.............#. #
...≈≈.......#.............#. #
..N≈≈.......#.............#. #
..§≈≈≈......#.............#. ##
'#≈§§§§≈#)####.............#. .#
.N≈≈§≈≈§.)..#..............#. .##
.N§§≈≈≈≈...##..............#.
..##§..≈§≈§...##...............##
...##........##..................


You could see a salamander.

Vanquished Creatures
  Donald (Snake:2)
  Gastronok (Orc:3)
  3 greater nagas
  3 salamanders (Snake:5)
  Snorg (Snake:4)
  A minotaur (Lab)
  An ettin (Orc:4)
  Fannar (Lair:3)
  Harold (Orc:2)
  Josephine (Orc:3)
  Erica (Lair:3)
  5 anacondas
  4 naga warriors
  2 skeletal warriors
  2 sea snakes (Snake:4)
  Erolcha (Orc:3)
  A deep troll (Orc:4)
  An unseen horror (D:12)
  2 hill giants
  Joseph (Orc:2)
  An orc sorcerer (Orc:3)
  A griffon (D:14)
  3 cyclopes
  9 spiny frogs
  2 feature mimics
  Psyche (Orc:4)
  24 black mambas
  8 trolls
  3 fire drakes
  A fire vortex (Volcano)
  8 naga magi
  A griffon zombie (D:10)
  9 slime creatures
  A boulder beetle (Lair:6)
  3 komodo dragons
  5 two-headed ogres (Orc:4)
  A griffon skeleton (D:13)
  A wraith (D:10)
  6 wyverns
  A basilisk (D:10)
  5 ugly things
  11 blink frogs
  7 hippogriffs
  A spiny worm zombie (D:14)
  3 toenail golems (Volcano)
  25 yaks
  2 shadows
  A merfolk (D:14)
  2 molten gargoyles (Volcano)
  A hungry ghost (D:10)
  3 wolves (Lair:4)
  A mottled dragon (D:13)
  9 orc warriors
  6 porcupines
  A yellow wasp (D:13)
  2 slaves (D:9)
  26 nagas
  3 phantoms
  3 ice beasts
  5 sky beasts
  14 ogres
  A tengu (Orc:4)
  2 centaurs
  7 crocodiles
  5 wargs
  38 water moccasins
  5 giant slugs
  10 giant frogs
  A wyvern zombie (D:13)
  4 agate snails
  A cyclops zombie (D:14)
  A wyvern skeleton (D:10)
  2 troll zombies
  An eye of draining (D:9)
  2 jellyfish (D:9)
  3 vampire bats (D:4)
  2 giant frog zombies
  2 goliath beetles
  11 hounds
  5 crimson imps
  24 orc priests
  A quasit (D:13)
  4 giant frog skeletons
  3 jellies
  3 scorpions
  A basilisk skeleton (D:14)
  A big fish (D:14)
  25 orc wizards
  9 worker ants
  4 iguanas
  3 sheep (D:13)
  A crocodile zombie (D:12)
  A mottled dragon skeleton (D:14)
  3 giant centipedes
  4 gnolls
  37 green rats
  29 adders
  A worm zombie (D:9)
  4 giant mites
  A goliath beetle zombie (D:12)
  4 worms
  A giant eyeball (D:12)
  An ooze (D:2)
  162 orcs
  22 bats
  5 giant cockroaches
  10 goblins
  13 hobgoblins
  26 jackals
  5 quokkas
  6 ball pythons
  7 giant geckos
  4 giant newts
  2 goblin skeletons
  2 hobgoblin skeletons
  A hobgoblin zombie (D:8)
  6 kobolds
  A kobold skeleton (D:6)
  An orc simulacrum (Orc:3)
  2 orc skeletons
  4 orc zombies
  22 rats
  A rat zombie (D:5)
  A fungus (Lair:7)
  A plant (Lair:7)
826 creatures vanquished.

Vanquished Creatures (collateral kills)
  2 orc wizards (D:5)
  An orc (D:5)
  A rat (D:5)
4 creatures vanquished.

Vanquished Creatures (others)
  A goblin (D:2)
  A giant spore (D:9)
  3 fungi
5 creatures vanquished.

Grand Total: 835 creatures vanquished

Notes
Turn   | Place    | Note
--------------------------------------------------------------
     0 | D:1      | AmberJosephineLiu, the Draconian Artificer, began the quest for the Orb.
     0 | D:1      | Reached XP level 1. HP: 17/17 MP: 1/1
   119 | D:1      | Upgraded the game from 0.13-b1-4-g58e4d93 to 0.13-b1-9-g87fe349
   200 | D:1      | Reached skill level 1 in Unarmed Combat
   524 | D:2      | Reached XP level 2. HP: 8/24 MP: 3/3
  1170 | D:2      | Reached XP level 3. HP: 10/29 MP: 4/4
  2420 | D:3      | Reached XP level 4. HP: 28/36 MP: 6/6
  2880 | D:4      | Reached skill level 4 in Unarmed Combat
  3015 | D:4      | Reached XP level 5. HP: 14/41 MP: 7/7
  3341 | D:4      | Reached skill level 5 in Unarmed Combat
  3361 | D:4      | Reached skill level 6 in Unarmed Combat
  3361 | D:4      | Reached XP level 6. HP: 48/48 MP: 9/9
  3816 | D:4      | Noticed a phantom
  3845 | D:4      | Killed a phantom
  3845 | D:4      | Reached skill level 7 in Unarmed Combat
  3897 | D:5      | Entered Level 5 of the Dungeon
  4025 | D:6      | Found Wosig's Magic Scroll Emporium.
  4071 | D:5      | Your scales start taking on a lurid green colour.
  4071 | D:5      | Gained mutation: Your system is resistant to poisons. [draconian maturity]
  4071 | D:5      | Reached XP level 7. HP: 43/53 MP: 10/10
  4635 | D:5      | Reached skill level 8 in Unarmed Combat
  5386 | D:6      | Bought a scroll of teleportation for 42 gold pieces
  5386 | D:6      | Bought a scroll of identify for 28 gold pieces
  5386 | D:6      | Bought a scroll of identify for 28 gold pieces
  5405 | D:6      | Gained mutation: You possess an exceptional clarity of mind. [potion of mutation]
  5405 | D:6      | Gained mutation: Your body is slowly deteriorating. [potion of mutation]
  5405 | D:6      | Gained mutation: Your digestive system is specialised to digest meat. [potion of mutation]
  5605 | D:6      | Identified the Papyrus of the Arsonist and Moulding
  5771 | D:7      | Reached skill level 9 in Unarmed Combat
  5771 | D:7      | Reached XP level 8. HP: 61/61 MP: 12/12
  5895 | D:7      | Reached skill level 1 in Stealth
  6226 | D:7      | Found a shimmering altar of Xom.
  6568 | D:7      | Found a staircase to the Ecumenical Temple.
  6589 | Temple   | Entered the Ecumenical Temple
  6646 | Temple   | Became a worshipper of Warmaster Okawaru
  6730 | D:8      | Found a shimmering altar of Xom.
  6730 | D:8      | Found a shimmering altar of Xom.
  6731 | D:8      | Found a shimmering altar of Xom.
  6859 | D:8      | Identified a scroll of acquirement
  6887 | D:8      | Found Rakkac Gecwa's Distillery.
  7007 | D:8      | Bought a potion of resistance for 84 gold pieces
  7007 | D:8      | Bought a potion of curing for 24 gold pieces
  7007 | D:8      | Bought a potion of curing for 24 gold pieces
  7007 | D:8      | Bought a potion of heal wounds for 36 gold pieces
  7398 | D:9      | Reached skill level 10 in Unarmed Combat
  7435 | D:9      | Found a burning altar of Makhleb.
  7445 | D:9      | Found a glowing golden altar of the Shining One.
  7628 | D:9      | Acquired Okawaru's first power
  7680 | D:9      | Noticed a wandering mushroom
  7687 | D:9      | Reached skill level 1 in Invocations
  7696 | D:9      | Noticed a hill giant
  7818 | D:8      | Reached XP level 9. HP: 67/67 MP: 13/13
  7858 | D:8      | Found a glowing silver altar of Zin.
  8104 | D:9      | Noticed Eustachio
  8143 | D:10     | Entered Level 10 of the Dungeon
  8232 | D:9      | Noticed a troll
  8451 | D:10     | Reached skill level 5 in Invocations
  8857 | D:10     | Got a crude buckler
  8858 | D:10     | Identified the +2 buckler of Twomeg {-Tele +Rage rElec rF+} (You found it on level 10 of the Dungeon)
  9060 | D:11     | Noticed Nessos
  9191 | D:12     | Found Bocaoc's Magic Scroll Boutique.
  9407 | D:11     | Reached skill level 5 in Dodging
  9563 | D:11     | Reached XP level 10. HP: 59/73 MP: 20/20
  9806 | D:11     | Reached skill level 11 in Unarmed Combat
  9890 | D:11     | Found a staircase to the Orcish Mines.
  9970 | D:12     | Found Qedeurea's Weapon Emporium.
  9970 | D:12     | Noticed a cyclops
 10037 | D:12     | Killed a cyclops
 10091 | D:12     | Found Linou's Book Shoppe.
 10574 | D:13     | Found Briq Tana's Book Shop.
 11136 | D:9      | Killed a hill giant
 11166 | D:9      | Noticed Pikel
 11454 | D:12     | Found Noheyhua's Antique Weapon Boutique.
 11664 | D:12     | Noticed an eight-headed hydra
 11749 | D:12     | Reached skill level 12 in Unarmed Combat
 12203 | D:12     | Killed an unseen horror
 12203 | D:12     | Reached XP level 11. HP: 63/79 MP: 21/21
 12261 | D:12     | Found a staircase to the Lair.
 12269 | Lair:1   | Entered Level 1 of the Lair of Beasts
 12677 | Lair:2   | Acquired Okawaru's second power
 12929 | Lair:2   | Found a labyrinth entrance.
 12931 | Lair:2   | Gained mutation: Your tail ends in a poisonous barb. [potion of beneficial mutation]
 12942 | Lab      | Entered a labyrinth
 13665 | Lab      | Noticed a minotaur
 13679 | Lab      | Killed a minotaur
 13683 | Lab      | Identified the Grimoire of Protection and Translocation
 13687 | Lab      | Got a heavily runed cloak
 13719 | Lair:2   | Identified the +1 cloak of the Salamander {+Rage +Fly} (You found it in a labyrinth)
 13864 | Lair:2   | Reached skill level 13 in Unarmed Combat
 13986 | Lair:3   | Noticed Rupert
 14492 | Lair:5   | Found a staircase to the Shoals.
 14606 | Lair:6   | Reached skill level 10 in Dodging
 14613 | Lair:6   | Received a gift from Okawaru
 14912 | Lair:7   | Found a staircase to the Slime Pits.
 15300 | Lair:7   | Found a dark tunnel.
 15315 | Volcano  | Entered a volcano
 15351 | Volcano  | Reached XP level 12. HP: 72/85 MP: 20/22
 15468 | Volcano  | Reached XP level 13. HP: 91/91 MP: 17/23
 15829 | Lair:8   | Entered Level 8 of the Lair of Beasts
 15865 | Lair:8   | Reached skill level 14 in Unarmed Combat
 16894 | Lair:3   | Paralysed by Rupert for 4 turns
 17068 | Lair:1   | Noticed a six-headed hydra
 17199 | D:12     | Bought a book of Cantrips for 320 gold pieces
 17202 | D:12     | Learned a level 1 spell: Apportation
 17204 | D:12     | Learned a level 1 spell: Confusing Touch
 17280 | Orc:1    | Entered Level 1 of the Orcish Mines
 17652 | Orc:2    | Noticed Joseph
 17693 | Orc:2    | Killed Joseph
 17693 | Orc:2    | Reached skill level 1 in Hexes
 18069 | Orc:3    | Found Nykh's General Store.
 18112 | Orc:3    | Noticed Gastronok
 18135 | Orc:3    | Killed Gastronok
 18158 | Orc:3    | Noticed Josephine
 18186 | Orc:3    | Killed Josephine
 18451 | Orc:3    | Found Ibaseph's Antique Armour Emporium.
 18470 | Orc:3    | Paralysed by an orc sorcerer for 7 turns
 18585 | Orc:3    | Bought a pair of glowing orcish gloves for 19 gold pieces
 19038 | Orc:1    | Found Jahetap's Jewellery Shoppe.
 19214 | Orc:2    | Noticed Harold
 19216 | Orc:2    | Noticed Erolcha
 19228 | Orc:2    | Killed Harold
 19228 | Orc:2    | Reached skill level 10 in Transmutations
 19256 | Orc:3    | Killed Erolcha
 19446 | Orc:4    | Entered Level 4 of the Orcish Mines
 19469 | Orc:4    | Found Stroved's Antique Weapon Shop.
 19511 | Orc:4    | Stroved's Antique Weapon Shop was a mimic.
 19567 | Orc:4    | Found a staircase to the Elven Halls.
 19953 | Orc:4    | Noticed Saint Roka
 19954 | Orc:4    | Noticed Psyche
 20154 | Orc:4    | Killed Psyche
 20272 | Orc:4    | Noticed Sonja
 20275 | Orc:4    | Noticed Sonja
 20275 | Orc:4    | Sonja changed into Sonja the big kobold
 20300 | Orc:4    | Sonja the big kobold changed into Sonja the tengu
 20403 | Orc:4    | Found Ygebuelat's Magic Scroll Boutique.
 20430 | Orc:4    | Received a gift from Okawaru
 20457 | Orc:4    | Got a faintly glowing bow {god gift}
 20644 | Orc:4    | Found Ceoveadau's Antique Weapon Emporium.
 20784 | Orc:4    | Found Vafown's Distillery.
 20797 | Orc:4    | Found Xaxaloh's General Store.
 20813 | Orc:4    | Bought a scroll of magic mapping for 52 gold pieces
 20813 | Orc:4    | Bought a meat ration for 60 gold pieces
 20820 | Orc:4    | Bought a potion of heal wounds for 48 gold pieces
 20827 | Orc:4    | Bought a scroll of identify for 26 gold pieces
 20827 | Orc:4    | Bought a scroll of recharging for 71 gold pieces
 20827 | Orc:4    | Bought a scroll of remove curse for 39 gold pieces
 21051 | Lair:1   | Identified the bow of Qisko {god gift, velocity, Contam Str+3 Int+3} (Okawaru gifted it to you on level 4 of the Orcish Mines)
 21090 | Lair:1   | Gained mutation: You tend to lose your temper in combat. [mutagenic glow]
 21203 | Lair:1   | Learned a level 3 spell: Spider Form
 21584 | D:14     | Entered Level 14 of the Dungeon
 21784 | D:13     | Gained mutation: Your tail ends in a sharp poisonous barb. [draconian growth]
 21784 | D:13     | Reached XP level 14. HP: 71/97 MP: 24/24
 23030 | D:13     | Bought a book of Transfigurations for 880 gold pieces
 23039 | D:13     | Learned a level 7 spell: Dragon Form
 23114 | D:15     | Entered Level 15 of the Dungeon
 23385 | D:14     | Received a gift from Okawaru
 23629 | Lair:3   | Noticed Erica
 23646 | Lair:3   | Killed Erica
 23870 | Lair:3   | Noticed Fannar
 23883 | Lair:3   | Killed Fannar
 24140 | Lair:4   | Reached skill level 15 in Transmutations
 24263 | Lair:4   | Gained mutation: Your wings are large and strong. [potion of beneficial mutation]
 24339 | Lair:4   | Found a staircase to the Snake Pit.
 24432 | Snake:1  | Entered Level 1 of the Snake Pit
 24796 | Snake:1  | Reached skill level 1 in Translocations
 25207 | Snake:2  | Noticed Donald
 25218 | Snake:2  | Killed Donald
 25460 | Snake:3  | Reached skill level 5 in Translocations
 25588 | Snake:4  | Noticed Snorg
 25594 | Snake:4  | Killed Snorg
 25601 | Snake:4  | Reached skill level 15 in Unarmed Combat
 25715 | Snake:4  | Received a gift from Okawaru
 25963 | Snake:5  | Entered Level 5 of the Snake Pit
 26093 | Snake:5  | Reached XP level 15. HP: 104/104 MP: 18/25
 26137 | Snake:5  | Reached skill level 16 in Unarmed Combat
 27254 | Snake:5  | Demolished by a salamander

Action                   |  1- 3 |  4- 6 |  7- 9 | 10-12 | 13-15 || total
-------------------------+-------+-------+-------+-------+-------++-------
Melee: Short sword       |    48 |       |       |       |       ||    48
       Unarmed           |    89 |   238 |   544 |   741 |  1688 ||  3300
Throw: Stone             |       |     1 |       |     6 |     2 ||     9
 Cast: Dragon Form       |       |       |       |       |    17 ||    17
       Spider Form       |       |       |       |       |     1 ||     1
Invok: Heroism           |       |       |     5 |    21 |    34 ||    60
       Finesse           |       |       |       |     1 |     1 ||     2
 Abil: Breathe Noxious F |       |       |     4 |     8 |     6 ||    18
       End Transformatio |       |       |       |       |     1 ||     1
       Fly               |       |       |       |       |     1 ||     1
Evoke: Wand              |     9 |     4 |    27 |     6 |    13 ||    59
       Deck              |       |       |     2 |       |       ||     2
  Use: Potion            |     1 |       |     6 |     6 |     2 ||    15
       Scroll            |       |     8 |    16 |    16 |    15 ||    55
 Stab: Sleeping          |     1 |     1 |     6 |    11 |    26 ||    45
       Invisible         |       |       |     1 |       |       ||     1
       Paralysed         |       |       |     1 |       |       ||     1
       Confused          |       |       |     3 |     6 |     1 ||    10
       Distracted        |       |       |       |       |     3 ||     3
